 Dungeon Crawl Stone Soup version 0.17.0-22-g5edae84 (webtiles) character file.

579 septik the Skirmisher (level 7, 0/44 HPs)
             Began as a Gargoyle Fighter on Nov 12, 2015.
             Slain by a mummy (8 damage)
             ... in an ossuary.
             The game lasted 00:14:23 (2599 turns).

septik the Skirmisher (Gargoyle Fighter)            Turns: 2599, Time: 00:14:24

Health: 0/44       AC: 18    Str: 19    XL:     7   Next: 36%
Magic:  7/7        EV:  5    Int:  9    God:
Gold:   140        SH:  9    Dex: 11    Spells: 0 memorised, 6 levels left

rFire  . . .     SeeInvis .     v - -1 mace (curse)
rCold  . . .     Clarity  .     w - +0 chain mail
rNeg   + . .     SustAt   .     c - +0 shield
rPois  ∞         Gourm    .     t - +1 helmet
rElec  +         Spirit   .     (no cloak)
rCorr  .         Warding  .     o - +0 pair of gloves
rMut   .         Stasis   .     (no boots)
MR     .....                    (no amulet)
Stlth  ..........               (no ring)
                                (no ring)

@: not resistant to hostile enchantments, extremely unstealthy
A: negative energy resistance 1, electricity resistance, unbreathing,
petrification resistance, rot immunity, AC +4
a: no special abilities


You were in an ossuary.
You were hungry.

You visited 1 branch of the dungeon, and saw 4 of its levels.
You also visited: Ossuary.

You collected 140 gold pieces.

Inventory:

Hand Weapons
 a - a +1 flail
 d - a +0 dire flail
 j - a +0 dagger of venom
 u - a +0 hunting sling
 v - a cursed -1 mace (weapon)
 B - a +0 blowgun
Missiles
 m - 171 stones (quivered)
 C - 8 poisoned needles
Armour
 b - a +0 scale mail
 c - a +0 shield (worn)
 o - a +0 pair of gloves (worn)
 r - the +6 scale mail of the Present {rPois, unknown}
   (You found it on level 4 of the Dungeon)

   It protects you from poison.
 t - a +1 helmet (worn)
 w - a +0 chain mail (worn)
 A - a +0 large shield
Jewellery
 k - an uncursed amulet of resist corrosion {unknown}
 s - an uncursed ring of protection from fire {unknown}
Scrolls
 g - 2 scrolls of identify
 i - a scroll of amnesia
 l - a scroll of immolation
 q - a scroll of blinking
 x - a scroll of enchant armour
 y - a scroll of enchant weapon
Comestibles
 e - 3 bread rations
 n - 11 fruits


   Skills:
 + Level 5.2 Fighting
 * Level 5.0 Maces & Flails
 + Level 4.8 Armour
 + Level 5.0 Shields


You had 6 spell levels left.
You didn't know any spells.

Dungeon Overview and Level Annotations

Branches:
Dungeon (4/15)
 Temple: D:4-7

Altars:
Trog


Innate Abilities, Weirdness & Mutations

You are resistant to torment.
Your stone body is resilient (AC +4).
You are immune to poison.
You resist negative energy.
You are resistant to electric shocks.
You can survive without breathing.
You are immune to petrification.
You are immune to rotting.


Message History

Read which item? (? for menu, Esc to quit)
As you read the scroll of fog, it crumbles to dust.
The scroll dissolves into smoke.
The kobold zombie hits you but does no damage.
The mummy hits you but does no damage.
You barely miss the kobold zombie. The kobold zombie hits you.
* * * LOW HITPOINT WARNING * * *
The mummy barely misses you.
You hit the kobold zombie but do no damage.
You block the kobold zombie's attack.
Your chain mail prevents you from hitting the kobold zombie.
The kobold zombie hits you but does no damage.
You block the mummy's attack.
You sock the kobold zombie!
You destroy the kobold zombie!
The sentinel's mark upon you fades away.
You block the mummy's attack.
You hit the hobgoblin zombie. The hobgoblin zombie barely misses you.
The mummy hits you!
You die...

..................#
..................#
......8..8........#
..................#
.######..######...#
#..# #...# #..#
#...#
#Z####Z.####.#...#
#ZZM@ZZ§.....#...#
#Z####Z......#...#
#.......#...#
#.......#...#
#.∩.....#...#
....+####...# #...#
#...# ...# #...#
##############...#


You could see a mummy, 3 hobgoblin zombies, a kobold zombie and an orc zombie.

Vanquished Creatures
  Sigmund (D:4)
  Edmund (D:4)
  Jessica (D:3)
  2 worker ants (D:4)
  Terence (D:3)
  A big kobold zombie (Ossuary)
  A mummy (Ossuary)
  Robin (D:2)
  7 adders
  An adder zombie (Ossuary)
  3 orcs (D:4)
  7 bats
  17 goblins
  7 hobgoblins
  12 jackals
  A ball python (D:2)
  4 giant cockroaches
  5 giant newts
  7 hobgoblin zombies (Ossuary)
  8 kobolds
  6 kobold zombies (Ossuary)
  4 orc zombies (Ossuary)
  2 quokkas (D:3)
  4 rats
104 creatures vanquished.

Notes
Turn   | Place    | Note
--------------------------------------------------------------
     0 | D:1      | septik the Gargoyle Fighter began the quest for the Orb.
     0 | D:1      | Reached XP level 1. HP: 14/14 MP: 1/1
    96 | D:1      | Reached XP level 2. HP: 14/19 MP: 2/2
   313 | D:1      | Reached XP level 3. HP: 14/23 MP: 3/3
   635 | D:2      | Found a bloodstained altar of Trog.
   959 | D:2      | Noticed Robin
   962 | D:2      | Reached XP level 4. HP: 25/29 MP: 4/4
  1020 | D:2      | Killed Robin
  1020 | D:2      | Reached skill level 4 in Armour
  1300 | D:3      | Noticed Terence
  1311 | D:3      | Killed Terence
  1311 | D:3      | Reached XP level 5. HP: 33/33 MP: 5/5
  1599 | D:3      | Noticed Jessica
  1602 | D:3      | Killed Jessica
  1989 | D:4      | Reached XP level 6. HP: 12/39 MP: 6/6
  2030 | D:4      | Noticed Sigmund
  2043 | D:4      | Noticed Edmund
  2108 | D:4      | Killed Edmund
  2154 | D:4      | Found a sand-covered staircase.
  2161 | D:4      | Got an ancient scale mail
  2178 | D:4      | Killed Sigmund
  2178 | D:4      | Reached skill level 5 in Fighting
  2178 | D:4      | Reached XP level 7. HP: 6/44 MP: 7/7
  2208 | Ossuary  | Entered an ossuary
  2560 | Ossuary  | Reached skill level 5 in Maces & Flails
  2576 | Ossuary  | Reached skill level 5 in Shields
  2599 | Ossuary  | Slain by a mummy

Action                   |  1- 3 |  4- 6 |  7- 9 || total
-------------------------+-------+-------+-------++-------
Melee: Flail             |    76 |       |       ||    76
       Dagger            |    60 |    81 |       ||   141
       Mace              |       |   156 |   102 ||   258
Throw: Stone             |     8 |       |       ||     8
  Use: Scroll            |       |     7 |     1 ||     8
       Potion            |       |     3 |       ||     3
  Eat: Chunk             |       |     4 |     2 ||     6
